 Dungeon Crawl Stone Soup version 0.31.0-11-ge490571c62 (webtiles) character file.

Game seed: 3282042852561061351

51 hawla the Conjurer (level 3, 0/21 HPs)
             Began as a Deep Elf Conjurer on Feb 5, 2024.
             Slain by Crazy Yiuf
             ... wielding a +2 quarterstaff of chaos
              (11 damage)
             ... on level 2 of the Dungeon.
             The game lasted 00:03:49 (1450 turns).

hawla the Conjurer (Deep Elf Conjurer)              Turns: 1450, Time: 00:03:50

Health: 0/21       AC:  2    Str:  4    XL:     3   Next: 58%
Magic:  5/9        EV: 13    Int: 24    God:
Gold:   94         SH:  0    Dex: 19    Spells: 5/8 levels left

rFire   . . .        g - +2 quarterstaff (heavy)
rCold   . . .        (shield currently unavailable)
rNeg    . . .        a - +0 robe
rPois   .            (no helmet)
rElec   .            (no cloak)
rCorr   .            (no gloves)
SInv    .            (no boots)
Will    .....        (no amulet)
Stlth   +++          f - +6 ring of dexterity
HPRegen 0.23/turn    (no ring)
MPRegen 0.11/turn

%: no passive effects
@: mighty
A: no striking features
a: no special abilities


You were on level 2 of the Dungeon.
You visited 1 branch of the dungeon, and saw 2 of its levels.

You collected 94 gold pieces.

Inventory:

Hand Weapons
 g - a +2 heavy quarterstaff (weapon)
Armour
 a - a +0 robe (worn)
Magical Staves
 e - a staff of death
Jewellery
 f - a +6 ring of dexterity (left hand)
Scrolls
 h - a scroll of revelation {unknown}
 j - a scroll of identify {unknown}
Potions
 b - a potion of magic
 c - a potion of invisibility {unknown}
 d - a potion of heal wounds {unknown}
 i - a potion of curing {unknown}


   Skills:
 - Level 2.0 Fighting
 - Level 2.4 Dodging
 + Level 3.8 Stealth
 - Level 3.0 Spellcasting
 - Level 4.3 Conjurations


You had 5 spell levels left.
You knew the following spells:

 Your Spells              Type           Power      Damage    Failure   Level
a - Magic Dart            Conj           96%        1d7       1%          1
b - Searing Ray           Conj           48%        2d6       2%          2

Your spell library contained the following spells:

 Spells                   Type           Power      Damage    Failure   Level
 Fulminant Prism          Conj/Alch      7%         3d7       41%         4
 Iskenderun's Mystic Bla  Conj/Tloc      14%        2d5       41%         4


Dungeon Overview and Level Annotations

Branches:
Dungeon (2/15)

Altars:

Annotations:
D:2 Crazy Yiuf


Message History

A quokka is nearby!
A quokka is nearby!
The helpless quokka fails to defend itself.
You hit the quokka.
The quokka is moderately wounded.
The quokka bites you. x2
You completely miss the quokka.
The quokka is moderately wounded.
The quokka barely misses you. The quokka bites you.
The quokka closely misses you.
Casting: Magic Dart (safe; 1% risk of failure)
Confirm with . or Enter, or press ? or * to list all spells.
Aiming: Searing Ray (safe; 2% risk of failure)
Press: ? - help, Shift-Dir - straight line, f - quokka
Aim: a quokka (lightly wounded, 71% to hit)
The searing ray hits the quokka!
You kill the quokka! (Press . to maintain the ray.) Unknown command.
You can't go down here!
You open the door.
Crazy Yiuf shouts!
Casting: Searing Ray (safe; 2% risk of failure)
Confirm with . or Enter, or press ? or * to list all spells.
Aiming: Searing Ray (safe; 2% risk of failure)
Press: ? - help, Shift-Dir - straight line, f - Crazy Yiuf
Aim: Crazy Yiuf, wielding a +2 quarterstaff of chaos and wearing a +2 cloak of willpower (82% to hit)
The searing ray hits Crazy Yiuf.
Crazy Yiuf is lightly wounded. (Press . to maintain the ray.) Crazy Yiuf hits you with a +2 quarterstaff of chaos!
You feel very mighty all of a sudden.
The searing ray hits Crazy Yiuf.
Crazy Yiuf is moderately wounded.
Crazy Yiuf misses you.
The searing ray hits Crazy Yiuf.
Crazy Yiuf is heavily wounded.
Crazy Yiuf hits you with a +2 quarterstaff of chaos!
Ouch! That really hurt!
You die...

...........####..#####...........
...........# #....# #...#...###.
...........# ♣.P.P♣ #.####### #.
...........# ♣...♣♣ #..#########
...........# ♣♣.♣♣ ##......>...
...###.....# ♣.♣♣ #...........
##.###.....# ♣♣.♣ #...........
#...#.....# ♣.♣♣ ##..........
###......## ♣♣@♣ #..........
#...###### #g# #..........
###....##..# ... #..........
..........## #...# #..........
.........## #..)# #...†.....>
........## ##### #..........
........# ########### #########


You could see Crazy Yiuf.

Vanquished Creatures
  An adder (D:2)
  2 dart slugs (D:1)
  2 ribbon worms (D:2)
  5 bats
  2 endoplasms
  2 giant cockroaches (D:1)
  2 goblins (D:1)
  2 hobgoblins (D:2)
  A quokka (D:2)
  7 ball pythons
  2 frilled lizards (D:1)
  4 kobolds
  3 rats (D:2)
35 creatures vanquished.

Notes
Turn   | Place    | Note
-------+----------+-------------------------------------------
     0 | D:1      | hawla the Deep Elf Conjurer began the quest for the Orb.
     0 | D:1      | Reached XP level 1. HP: 10/10 MP: 6/6
   193 | D:1      | Reached skill level 1 in Fighting
   301 | D:1      | Reached XP level 2. HP: 15/16 MP: 4/8
   966 | D:2      | Reached XP level 3. HP: 21/21 MP: 9/9
  1063 | D:2      | Learned a level 2 spell: Searing Ray
  1171 | D:2      | Found a runed translucent door.
  1172 | D:2      | Noticed Crazy Yiuf
  1450 | D:2      | Slain by Crazy Yiuf

Illustrated notes

Levels and vault maps discovered:
D:1:      sevenhm_arrival_forest_fort_large_2, layout_basic,
          hangedman_abyss_or_decor_lesser_grid
D:2:      layout_rooms, nrook_mini_backslash, minmay_misc_feat_rugged,
          uniq_crazy_yiuf_cottage

Skill      XL: |  1  2  3 |
---------------+----------+-----
Fighting       | 1 2 |  2.0
Stealth        | 3 |  3.8
Dodging        | |  2.4
Spellcasting   | |  3.0
Conjurations   | |  4.3

Action                     || total
---------------------------++-------
  Melee: Quarterstaff      ||    41
   Cast: Magic Dart        ||    25
         Searing Ray       ||     2
    Use: Scroll            ||     3
   Stab: Sleeping          ||    10
 Armour: Robe              ||    36
  Dodge: Dodged            ||    39
